 Dungeon Crawl Stone Soup version 0.31-a0-219-g8d62b2e7bb (webtiles) character file.

Game seed: 17354722638539482276

44 qw the Shield-Bearer (level 3, -4/23 HPs)
             Began as a Gargoyle Fighter on July 3, 2023.
             Slain by Sigmund
             ... wielding a +0 scythe
              (5 damage)
             ... on level 2 of the Dungeon.
             The game lasted 00:00:31 (1300 turns).

qw the Shield-Bearer (Gargoyle Fighter)             Turns: 1300, Time: 00:00:32

Health: -4/23      AC: 10    Str: 27    XL:     3   Next: 62%
Magic:  3/3        EV:  9    Int:  8    God:
Gold:   110        SH:  4    Dex:  9    Spells: 2/2 levels left

rFire   . . .        Y - +1 war axe
rCold   . . .        c - +0 buckler
rNeg    + . .        b - +0 scale mail
rPois   inf          (no helmet)
rElec   +            (no cloak)
rCorr   .            (no gloves)
SInv    .            (no boots)
Will    .....        (no amulet) Stlth
                     q - +6 ring of strength
HPRegen 0.23/turn    (no ring)
MPRegen 0.08/turn

%: no passive effects
@: no status effects
A: sickness immunity, AC +3, negative energy resistance 1, electricity
resistance, torment resistance 1, petrification resistance
a: no special abilities


You were on level 2 of the Dungeon.
You visited 1 branch of the dungeon, and saw 2 of its levels.

You collected 110 gold pieces.


Innate Abilities, Weirdness & Mutations

You are immune to sickness and miasma.
Your stone body is resilient. (AC +3)
You are immune to poison.
You resist negative energy. (rN+)
You are resistant to electric shocks. (rElec)
You are resistant to unholy torment.
You are immune to petrification.


   Skills:
 - Level 3.2 Fighting
 + Level 3.2 Axes
 - Level 1.0 Throwing
 - Level 3.2 Armour
 - Level 3.2 Shields


You had 2 spell levels left.
You didn't know any spells.
Your spell library was empty.

Inventory:

Hand Weapons
 o - a +0 whip
 Y - a +1 war axe (weapon)
Missiles
 g - 4 javelins (quivered)
Armour
 b - a +0 scale mail (worn)
 c - a +0 buckler (worn)
Jewellery
 q - a +6 ring of strength (left hand)
Scrolls
 a - a scroll of identify
Potions
 d - 2 potions of might
 e - 3 potions of berserk rage {unknown}
 j - a potion of degeneration {unknown}
 m - a potion of curing {unknown}
 p - a potion of brilliance {unknown}

Dungeon Overview and Level Annotations

Branches:
Dungeon (2/15)

Altars:

Annotations:
D:2 Sigmund


Message History

You swing at nothing.
You swing at nothing.
A puff of flame appears from out of thin air!
You block the puff of flame.
You swing at nothing.
You swing at nothing.
You hear some strange, mumbled words.
You are confused.
Something hits you.
You bump into the rock wall.
You bump into the rock wall.
Something hits you but does no damage.
You bump into the rock wall.
Something hits you.
You bump into the rock wall.
You feel less confused. Something hits you.
Enter note:
Enter note:
Enter note:
Enter note: You barely miss something.
Something hits you.
You closely miss something. Something hits you!
You slash something! Something hits you but does no damage.
You miss something. You miss something. Something hits you but does no damage.
You slash something! Something hits you.
You miss something.
You hear some strange, mumbled words.
A magic dart appears from out of thin air!
The magic dart hits you but does no damage.
Something hits you.
You miss something. Something hits you.
You die...

#.....# #.####.....
#.....#########.#........
##........................
......?.>..................
#....####.####.#####.#..####
#....####.# #...........
...........# #..####.#.#.
###############..#
......{@....# ###########.#
.# ##


There were no monsters in sight!

Vanquished Creatures
  An adder (D:2)
  A worm (D:2)
  A dart slug (D:1)
  3 endoplasms
  A giant cockroach (D:2)
  2 hobgoblins (D:1)
  A quokka (D:2)
  4 ball pythons (D:1)
  6 bats
  3 frilled lizards (D:1)
  3 goblins (D:1)
  2 kobolds (D:1)
  3 rats (D:1)
31 creatures vanquished.

Notes
Turn   | Place    | Note
-------+----------+-------------------------------------------
     0 | D:1      | qw the Gargoyle Fighter began the quest for the Orb.
     0 | D:1      | Reached XP level 1. HP: 14/14 MP: 1/1
     0 | D:1      | 0 ||| qw: Version: 0.3-a-40-ge99b1a8
     0 | D:1      | 0 ||| qw: Game counter: 385
     0 | D:1      | 0 ||| qw: Melee chars always use a shield: true
     0 | D:1      | 0 ||| qw: God list: Okawaru
     0 | D:1      | 0 ||| qw: Allow faded altars: false
     0 | D:1      | 0 ||| qw: Do Orc after clearing Dungeon:15 true
     0 | D:1      | 0 ||| qw: Do second Lair branch before Depths: true
     0 | D:1      | 0 ||| qw: Lair rune preference: random
     0 | D:1      | 0 ||| qw: Goals: Normal, Zot:1-4, Slime:5, God:TSO, Crypt,
                  | Tomb, Abyss, Pan, Hells, Win
     0 | D:1      | 0 ||| PLANNING D:1-11
   286 | D:1      | Found a faded altar of an unknown god.
   318 | D:1      | Reached XP level 2. HP: 17/19 MP: 2/2
   650 | D:1      | 650 ||| DROPPING +0 club.
   660 | D:1      | Reached skill level 3 in Axes
  1002 | D:1      | Reached XP level 3. HP: 23/23 MP: 3/3
  1032 | D:1      | 1032 ||| UPGRADING to +6 ring of strength.
  1033 | D:1      | 1033 ||| READING scroll labelled FAAXEGU WA BIL.
  1038 | D:1      | 1038 ||| READING scroll labelled GEIKOEV WEESA.
  1039 | D:1      | 1039 ||| READING scroll labelled RAKLES ZOPAE.
  1040 | D:1      | 1040 ||| READING scroll labelled SETHRUNL GUMMUM.
  1041 | D:1      | 1041 ||| READING scroll labelled HOUDDUEFAEL.
  1042 | D:1      | 1042 ||| READING scroll labelled XUCAIL REOM.
  1226 | D:2      | Reached skill level 1 in Throwing
  1282 | D:2      | Noticed Sigmund
  1294 | D:2      | HP: 4/23 [something (9)]
  1299 | D:2      | HP: 1/23 [something (1)]
  1300 | D:2      | Slain by Sigmund

Levels and vault maps discovered:
D:1:      dpeg_arrival_signposts, layout_loops_corners,
          hellmonk_ecumenical_altar_zigzags, serial_bayou_pond_e,
          chequers_serial_rivers_marsh
D:2:      layout_basic, uniq_sigmund

Skill      XL: |  1  2  3 |
---------------+----------+-----
Axes           | 2 3 |  3.2
Throwing       | 1 |  1.0
Fighting       | |  3.2
Armour         | |  3.2
Shields        | |  3.2

Action                     || total
---------------------------++-------
  Melee: War axe           ||    60
  Throw: Javelin           ||    48
    Use: Scroll            ||     6
 Armour: Scale mail        ||    42
  Dodge: Dodged            ||    27
  Block: Buckler           ||    17

Table legend:
 A = Non-vault XP
 B = Vault XP
 C = Vault XP percentage of total XP
 D = Non-vault monster count
 E = Vault monster count
 F = Vault count percentage of total count
                 A         B        C        D         E       F
            +---------+---------+-------+---------+---------+-------
      Total |      64 |       0 |   0.0 |      31 |       0 |   0.0
            +---------+---------+-------+---------+---------+-------
        D:1 |      36 |       0 |   0.0 |      24 |       0 |   0.0
        D:2 |      28 |       0 |   0.0 |       7 |       0 |   0.0
            +---------+---------+-------+---------+---------+-------
